 Dungeon Crawl Stone Soup version v3.33-hellcrawl-8-g3f2bf18 (webtiles) character file.

28 MoonlightSonata the Vexing (level 3, 0/21 HPs)
             Began as a Vampire Enchanter on June 21, 2017.
             Was an Initiate of Hepliaklqana.
             Succumbed to Crazy Yiuf's poison
             ... on level 2 of the Dungeon.
             The game lasted 00:04:25 (1760 turns).

MoonlightSonata the Vexing (Vampire Enchanter)      Turns: 1760, Time: 00:04:26

Health: 0/21       AC:  6 (0%)Str:  7   XL:     3   Next: 92%
Magic:  2/6        EV: 12    Int: 18    God:    Hepliaklqana [......]
Gold:   191        SH:  6    Dex: 14    Spells: 0/6 levels left

rFire    . . .     SeeInvis +   a - +1 dagger
rCold    . . .     Faith    .   (no shield)
rNeg     + . .     Spirit   .   b - +1 robe
rPois    .         Reflect  +   n - +1 helmet
rElec    .                      (no cloak)
rCorr    .                      g - +0 pair of gloves
MR       .....                  (no boots)
Stlth    ++++......             k - +6 amulet of reflection
Regen    0.1/turn               (no ring)
MPRegen  0.2/turn               (no ring)

@: lethally poisoned (0 -> -6)
A: reduced essence, fangs 3, see invisible, unbreathing
a: Bat Form, Recall Ancestor, Ancestor Identity, Renounce Religion


You were on level 2 of the Dungeon.
You worshipped Hepliaklqana.
Hepliaklqana was noncommittal.
You were not thirsty.

You visited 1 branch of the dungeon, and saw 2 of its levels.

You collected 191 gold pieces.

Inventory:

Hand Weapons
 a - a +1 dagger (weapon)
Missiles
 c - 749 stones (quivered)
 d - 90 arrows
 f - 9 frenzy darts
Armour
 b - a +1 robe (worn)
 g - a +0 pair of gloves (worn)
 n - a +1 helmet (worn)
Jewellery
 k - a +6 amulet of reflection (around neck)
Scrolls
 l - a scroll of teleportation
Potions
 e - a potion of ambrosia
 h - a potion of magic
 i - a potion of might
 j - 2 potions of heal wounds
 m - 2 potions of lignification


   Skills:
 - Level 1.1 Blades
 - Level 2.1 Dodging
 - Level 4.4 Stealth
 - Level 2.0 Spellcasting
 + Level 7.1 Hexes


You couldn't memorise any spells.
You knew the following spells:

 Your Spells              Type           Power        Failure   Level  Hunger
a - Corona                Hex            27 (90)      1%          1    #......
b - Ensorcelled Hibernat  Hex/Ice        14 (50)      6%          2    ###....
c - Confuse               Hex            27 (100)     3%          3    ###....


Dungeon Overview and Level Annotations

Branches:
Dungeon (2/15)

Altars:
Cheibriados
Elyvilon
Gozag
Hepliaklqana
Qazlal
The Shining One

Annotations:
D:2 Crazy Yiuf


Innate Abilities, Weirdness & Mutations

You have razor-sharp teeth.
You have supernaturally acute eyesight. (SInv)
You can survive without breathing.
Your life essence is reduced. (-10% HP)


Message History

Huemac is destroyed!
You completely miss Crazy Yiuf.
Crazy Yiuf is heavily wounded.
Crazy Yiuf says, "Have you seen my glasses?"
You see here a +0 dagger.
Crazy Yiuf hits you with a +2 quarterstaff of chaos (6).
You are poisoned.
You hit Crazy Yiuf (3). You bite Crazy Yiuf, but do no damage.
Crazy Yiuf is heavily wounded.
You feel sick.
Crazy Yiuf hits you with a +2 quarterstaff of chaos (6).
You convulse (7)!
* * * LOW HITPOINT WARNING * * *
Casting: Confuse
Confirm with . or Enter, or press ? or * to list all spells.
Aiming: Ensorcelled Hibernation
Press: ? - help, Shift-Dir - straight line, f/p - Crazy Yiuf
Aim: Crazy Yiuf, wielding a +2 quarterstaff of chaos and wearing a +0 cloak (heavily wounded, confused, chance to defeat MR: 53%) Crazy Yiuf looks drowsy...
You die...

###..####..).##.#..#........###..
#.............#..#....##.###...
#.#####....###....#..###.# #.##
#.# #....##.#..###.###.# #.# #.#
#.........## ##.##.# #.# #.#
####.#..#..###.###.# #.# #.#
#.#......#......###.# ###.#
#.####)....)........## ....#
#....@....#####.##...> #####
####..g#### #.###.## #.###
#.###.## #.# #.##...# #.#
#......# #.# #†.#...# ♣♣♣♣♣##.##
#..##### ### ♣♣♣.♣.P.#..# #..#
#...#♣..♣.R.....# #..#####


You could see Crazy Yiuf (confused).

Vanquished Creatures
  2 adders (D:2)
  3 quokkas
  A giant cockroach (D:2)
  7 goblins
  6 hobgoblins
  4 kobolds
  An ancestor (D:2)
  5 bats
  5 frilled lizards
  3 rats
37 creatures vanquished.

Vanquished Creatures (collateral kills)
  An ooze (D:2)
1 creature vanquished.

Grand Total: 38 creatures vanquished

Notes
Turn   | Place    | Note
-------+----------+-------------------------------------------
     0 | D:1      | MoonlightSonata the Vampire Enchanter began the quest for the Orb.
     0 | D:1      | Reached XP level 1. HP: 13/13 MP: 3/3
   166 | D:1      | Reached skill level 5 in Hexes
   223 | D:1      | Reached XP level 2. HP: 11/19 MP: 3/5
   351 | D:1      | Learned a level 2 spell: Ensorcelled Hibernation
  1034 | D:2      | Reached skill level 6 in Hexes
  1034 | D:2      | Reached XP level 3. HP: 21/24 MP: 1/6
  1098 | D:2      | Found a hazy altar of Hepliaklqana.
  1191 | D:2      | Became a worshipper of Hepliaklqana the Forgotten
  1298 | D:2      | Learned a level 3 spell: Confuse
  1347 | D:2      | Reached skill level 7 in Hexes
  1625 | D:2      | Found a white marble altar of Elyvilon.
  1626 | D:2      | Found a glowing golden altar of the Shining One.
  1631 | D:2      | Found a snail-covered altar of Cheibriados.
  1634 | D:2      | Found a stormy altar of Qazlal.
  1642 | D:2      | Found an opulent altar of Gozag.
  1729 | D:2      | Found a runed door.
  1733 | D:2      | Noticed Crazy Yiuf
  1759 | D:2      | HP: 1/21 [Crazy Yiuf/+2 quarterstaff of chaos (7)]
  1760 | D:2      | Succumbed to Crazy Yiuf's poison

Skill      XL: |  1  2  3 |
---------------+----------+-----
Hexes          | 5 6 7 |  7.1
Blades         | |  1.1
Dodging        | |  2.1
Stealth        | |  4.4
Spellcasting   | |  2.0

Action                   || total
-------------------------++-------
Melee: Dagger            ||    86
       Bite              ||     4
 Cast: Corona            ||     8
       Ensorcelled Hiber ||    11
       Confuse           ||     1
 Stab: Sleeping          ||    27
       Confused          ||     1
Armor: Robe              ||    14
Dodge: Dodged            ||    43
Block: Other             ||     1
